 Dungeon Crawl Stone Soup version 0.28.0-53-g5a82cb258f (webtiles) character file.

Game seed: 12325738502917279971

43572 DildoBatman the Warrior (level 14, -4/125 HPs)
             Began as a Formicid Conjurer on July 16, 2022.
             Was an Initiate of Gozag.
             Slain by a reaper
             ... wielding a +1 scythe of venom
              (36 damage)
             ... in a Gauntlet.
             The game lasted 01:32:54 (21034 turns).

DildoBatman the Warrior (Formicid Conjurer)        Turns: 21034, Time: 01:32:54

Health: -4/125     AC: 11    Str: 12    XL:     14   Next: 61%
Magic:  0/25       EV: 12    Int: 21    God:    Gozag
Gold:   1057       SH: 19    Dex: 13    Spells: 3/27 levels left

rFire   . . .      SeeInvis +   b - +9 hunting sling (vorpal)
rCold   . . .      Faith    .   H - +0 kite shield
rNeg    + . .      Spirit   +   o - +0 troll leather armour
rPois   .          Reflect  .   (helmet unavailable)
rElec   .          Harm     .   u - +2 cloak
rCorr   +          Rampage  .   U - +0 pair of gloves
Will    +....                   X - +0 pair of boots {Stlth+}
Stlth   +++.......              g - brooch of Shielding {Spirit SH+8}
HPRegen 1.10/turn               v - ring of resist corrosion
MPRegen 0.19/turn               q - ring of positive energy

@: gold aura
A: permanent stasis, dig shafts and tunnels, antennae 3, four strong arms,
clever 1, sense surroundings 1, evolution 1
a: Dig, Renounce Religion, Potion Petition, Call Merchant, Bribe Branch


You were in a Gauntlet.
You worshipped Gozag.
Gozag was most pleased with you.
You visited 3 branches of the dungeon, and saw 17 of its levels.
You also visited: Bailey and Gauntlet.

You collected 1839 gold pieces.
You spent 256 gold pieces at shops.
You paid 526 gold pieces to Gozag.

Inventory:

Hand Weapons
 b - a +9 vorpal hunting sling (weapon)
 d - a +4 long sword of flaming
Missiles
 i - 135 sling bullets
 j - 156 bolts
 w - 2 throwing nets
 C - 312 stones (quivered ammo)
 E - 325 arrows
Armour
 m - the +1 robe "Waicuqe" {rN++ Str+3 Int+3}
   (You found it on level 2 of the Dungeon)

   Str:       It affects your strength (+3).
   Int:       It affects your intelligence (+3).
   rN:        It greatly protects you from negative energy.
 n - the +0 cloak of Naguw {Fly rElec rN+++ Dex-2}
   (You bought it in a shop on level 2 of the Orcish Mines)

   Dex:       It affects your dexterity (-2).
   rElec:     It insulates you from electricity.
   rN:        It renders you almost immune to negative energy.
   Fly:       It grants you flight.
 o - a +0 troll leather armour (worn)
 u - a +2 cloak (worn)
 F - a +2 ring mail of fire resistance
 H - a +0 kite shield (worn)
 I - a +1 robe of willpower
 U - a +0 pair of gloves (worn)
 X - a +0 pair of boots of stealth (worn)
Magical Staves
 a - a staff of earth
 t - a staff of conjuration
 V - a staff of cold
Jewellery
 g - the brooch of Shielding (around neck) {Spirit SH+8}
   (You found it on level 10 of the Dungeon)

   [amulet of guardian spirit]

   It causes incoming damage to be divided between your reserves of health and
   magic.
   SH:        It affects your SH (+8).
 q - a ring of positive energy (right hand)
 v - a ring of resist corrosion (left hand)
Wands
 e - a wand of iceblast (18)
 O - a wand of acid (14)
Scrolls
 l - a scroll of enchant armour {unknown}
 r - 4 scrolls of fog
 s - a scroll of holy word {unknown}
 y - a scroll of silence {unknown}
 z - 2 scrolls of amnesia
 L - 2 scrolls of blinking {unknown}
 M - 3 scrolls of fear
 R - a scroll of immolation {unknown}
Potions
 c - 7 potions of heal wounds
 f - 3 potions of flight
 h - 2 potions of haste {unknown}
 k - 2 potions of lignification
 p - 3 potions of cancellation
 x - a potion of berserk rage {unknown}
 A - 3 potions of mutation
 K - 4 potions of brilliance {unknown}
 N - a potion of magic {unknown}
 P - 4 potions of attraction {unknown}
 Q - 2 potions of might {unknown}
 T - 2 potions of curing
 W - a potion of resistance


   Skills:
 - Level 16.0 Fighting
 * Level 6.8 Armour
 * Level 4.8 Dodging
 - Level 2.4 Stealth
 - Level 9.0 Shields
 * Level 7.3 Spellcasting
 - Level 6.0 Conjurations
 * Level 9.2 Necromancy
 - Level 6.0 Transmutations
 - Level 6.0 Fire Magic
 - Level 6.0 Air Magic
 * Level 9.3 Earth Magic
 - Level 6.0 Poison Magic


You had 3 spell levels left.
You knew the following spells:

 Your Spells              Type           Power      Damage    Failure   Level
a - Borgnjor's Vile Clut  Necr/Erth      23%        N/A       13%         5
b - Conjure Flame         Conj/Fire      32%        6-21      5%          3
c - Searing Ray           Conj           64%        2d6       2%          2
d - Vampiric Draining     Necr           46%        2d9       1%          3
e - Mephitic Cloud        Conj/Pois/Air  32%        N/A       5%          3
f - Ozocubu's Armour      Ice            7%         N/A       52%         3
g - Ignite Poison         Fire/Tmut/Pois 32%        N/A       5%          3
z - Sublimation of Blood  Necr           46%        N/A       1%          2

Your spell library contained the following spells:

 Spells                   Type           Power      Damage    Failure   Level
 Animate Skeleton         Necr           92%        N/A       1%          1
 Magic Dart               Conj           100%       1d8       1%          1
 Pain                     Necr           100%       1d9       1%          1
 Corpse Rot               Necr/Air       78%        N/A       1%          2
 Spider Form              Tmut/Pois      32%        N/A       5%          3
 Dazzling Flash           Conj/Hex       40%        N/A       19%         3
 Inner Flame              Hex/Fire       20%        N/A       19%         3
 Apportation              Tloc           14%        N/A       21%         1
 Slow                     Hex            28%        N/A       21%         1
 Summon Small Mammal      Summ           28%        N/A       21%         1
 Call Imp                 Summ           7%         N/A       30%         2
 Ensorcelled Hibernation  Hex/Ice        14%        N/A       30%         2
 Call Canine Familiar     Summ           7%         N/A       52%         3
 Confusing Touch          Hex            7%         N/A       52%         3
 Gell's Gravitas          Tloc           7%         N/A       52%         3
 Portal Projectile        Hex/Tloc       14%        N/A       52%         3
 Teleport Other           Tloc           7%         N/A       52%         3
 Tukima's Dance           Hex            7%         N/A       52%         3
 Animate Dead             Necr           23%        N/A       4%          4
 Excruciating Wounds      Necr           23%        N/A       13%         5
 Olgreb's Toxic Radiance  Pois           32%        N/A       17%         4
 Sticky Flame             Conj/Fire      32%        2d5       17%         4
 Anguish                  Hex/Necr       13%        N/A       30%         4
 Animate Armour           Summ/Erth      54%        N/A       30%         4
 Leda's Liquefaction      Hex/Erth       13%        N/A       30%         4
 Blade Hands              Tmut           16%        N/A       43%         5
 Fireball                 Conj/Fire      16%        3d8       43%         5
 Lightning Bolt           Conj/Air       16%        1d30      43%         5
 Fulminant Prism          Conj/Hex       10%        3d9       52%         4
 Iskenderun's Mystic Bla  Conj/Tloc      20%        2d6       52%         4
 Summon Lightning Spire   Summ/Air       20%        N/A       52%         4
 Iron Shot                Conj/Erth      20%        9d5       80%         6
 Starburst                Conj/Fire      16%        6d6       95%         6
 Manifold Assault         Tloc           7%         N/A       99%         5
 Simulacrum               Ice/Necr       13%        N/A       99%         6
 Dispersal                Tloc           3%         N/A       100%        6
 Enfeeble                 Hex            3%         N/A       100%        7
 Haunt                    Necr/Summ      13%        N/A       100%        7
 Ozocubu's Refrigeration  Ice            3%         4d5       100%        7
 Storm Form               Tmut/Air       16%        N/A       100%        7
 Borgnjor's Revivificati  Necr           23%        N/A       100%        8
 Ignition                 Fire           16%        3d6       100%        8
 Infestation              Necr           23%        N/A       100%        8
 Necromutation            Tmut/Necr      19%        N/A       100%        8
 Death's Door             Necr           23%        N/A       100%        9


Dungeon Overview and Level Annotations

Branches:
Dungeon (14/15)            Temple (1/1) D:5            Lair (0/6) D:9
    Orc (2/2) D:12            Elf (0/3) Orc:2        Vaults (0/5) D:13
 Bailey (visited)         Gauntlet (1/1)

Altars:
Ashenzari
Cheibriados
Dithmenos
Elyvilon
Fedhas
Gozag
Hepliaklqana
Kikubaaqudgha
Makhleb
Nemelex Xobeh
Okawaru
Qazlal
Ru
Sif Muna
Trog
Uskayaw
Vehumet
Wu Jian
Xom
Yredelemnul
Zin
The Shining One
Beogh
Jiyva

Shops:
D:13 [(=((   D:14 *   Orc:2 ([([

Portals:
Trove: D:11 (give +7 demon whip)

Annotations:
D:12 3 runed translucent doors, Frances; Plasmagod's ghost, journeyman GrMo
D:14 2 transporters, Quniocho's ghost, journeyman FoFi Gauntlet 12 transporters, exclusion: orange crystal statue


Innate Abilities, Weirdness & Mutations

You cannot be hasted, slowed, berserked, paralysed or teleported.
You can dig through walls and to a lower floor.
You have a pair of large antennae on your head. (SInv)
Your four strong arms can wield two-handed weapons with a shield.
Your mind is acute. (Int +2)
You passively map a small area around you.
You have hidden genetic potential.


Message History

You kill the hellwing!
You feel extremely sick. You block the reaper's attack.
You feel very sick. The reaper barely misses you.
Your magical contamination has completely faded away.
Things that are here:
17 gold pieces; 2 stones
Press: ? - help, v - describe, . - travel, g - get item
Here: a reaper, wielding a +1 scythe of venom Item here: 20 gold pieces.
The floor.
Unknown command.
Unknown command.
Unknown command.
You feel very sick.
You feel very sick.
The reaper smiles without lips.
The reaper hits you from afar with a +1 scythe of venom!
You are more poisoned.
You feel very sick.
You see here a +0 dagger of electrocution.
You feel very sick.
You see here an amulet of faith.
You feel very sick.
There is a transporter here.
You feel sick.
You feel sick.
You feel sick.
The reaper hits you with a +1 scythe of venom!
You are more poisoned.
There is a transporter, spattered with blood here.
You enter the transporter and appear at another place.
You feel very sick.
The reaper hits you with a +1 scythe of venom!!
You are lethally poisoned!
You feel better.
The reaper hits you with a +1 scythe of venom!!!
You die...
Your body crumbles into a pile of gold.

^^#.#.##.####..##.#{.#...#..#.#.#
###.#.#..##.#)#.#.#.........#.#.#
.?..#.##.?.§"#.##.#../[©[...#.##©
#####.###########.###########.###
.................................
................≈∩≈..............
#################################
#8# #8##≈.....2........§≈##8# #8
### ####8..©.©.@.©.©.©..8#### ##
#≈...............§#
###.#.#######.#.### #.#.. , ..#.#
* , , , ,


You could see a reaper.

Vanquished Creatures
  Rupert (Orc:1)
  An orc warlord (Orc:1)
  Snorg (D:12)
  Josephine (D:14)
  A great orb of eyes (D:10)
  Erolcha (D:9)
  A hydra (D:13)
  3 vault guards
  Harold (D:7)
  A centaur warrior (D:13)
  Erica (D:9)
  3 tengu warriors
  5 two-headed ogres
  A fire crab (Gauntlet)
  Pikel (D:4)
  3 deep elf pyromancers (D:10)
  2 orc knights (Orc:2)
  A deep elf zephyrmancer (D:10)
  3 orc sorcerers (Orc:2)
  A cyclops (D:13)
  Joseph (D:7)
  A gargoyle (D:12)
  3 unseen horrors
  3 kobold demonologists (D:11)
  A komodo dragon (D:9)
  An efreet (D:13)
  2 hellwings (Gauntlet)
  3 meliai (D:14)
  5 trolls
  Prince Ribbit (Bailey)
  A raiju (Gauntlet)
  9 slime creatures
  2 shadows
  5 wraiths (D:14)
  4 wyverns
  3 fire bats (Gauntlet)
  2 humans (Bailey)
  3 basilisks (D:9)
  17 yaks
  6 vampire mosquitoes (D:12)
  Grum (D:8)
  5 steam dragons
  Edmund (D:6)
  2 wargs
  2 acid dragons (D:7)
  An ogre skeleton (D:13)
  3 water moccasins
  A hornet zombie (D:10)
  2 ice beasts (D:7)
  25 orc warriors
  An orc zombie (D:10)
  3 necrophages
  4 wolves (D:8)
  A sky beast (D:8)
  9 ogres
  9 centaurs
  2 lemures
  12 bullfrogs
  7 kobold brigands
  3 scorpions
  A water moccasin skeleton (D:6)
  A wyvern skeleton (D:7)
  15 killer bees
  13 wights
  A howler monkey (D:7)
  A howler monkey (shapeshifter) (D:13)
  A bullfrog zombie (D:6)
  4 centaur zombies
  2 hounds
  A centaur skeleton (D:7)
  4 jellies
  18 orc priests
  Jessica (D:2)
  Terence (D:2)
  2 iguanas
  25 orc wizards
  2 killer bee zombies (D:6)
  A hound skeleton (D:5)
  2 howler monkey zombies
  4 gnolls (D:4)
  7 adders
  A shadow imp (D:5)
  A white imp (D:8)
  An adder skeleton (D:4)
  A worm (D:2)
  2 dart slugs
  96 orcs
  11 endoplasms
  A giant cockroach (D:3)
  8 goblins
  8 hobgoblins
  7 jackals
  6 quokkas
  4 ball pythons
  A bat (D:1)
  6 frilled lizards
  A goblin skeleton (D:13)
  A hobgoblin zombie (D:10)
  16 kobolds
  3 rats
482 creatures vanquished.

Vanquished Creatures (others)
  An orc priest (Orc:2)
  An orc wizard (Orc:2)
  3 fungi (Gauntlet)
  24 plants
  2 withered plants (Gauntlet)
31 creatures vanquished.

Grand Total: 513 creatures vanquished

Notes
Turn   | Place    | Note
-------+----------+-------------------------------------------
     0 | D:1      | DildoBatman the Formicid Conjurer began the quest for the
                  | Orb.
     0 | D:1      | Reached XP level 1. HP: 13/13 MP: 3/3
   162 | D:1      | Reached XP level 2. HP: 10/20 MP: 0/5
   165 | D:1      | Learned a level 2 spell: Searing Ray
   535 | D:1      | Reached skill level 1 in Armour
   575 | D:1      | Reached skill level 1 in Fighting
   575 | D:1      | Reached XP level 3. HP: 24/26 MP: 3/6
   665 | D:1      | Found a faded altar of an unknown god.
  1020 | D:2      | Noticed Jessica
  1101 | D:2      | Noticed Terence
  1123 | D:2      | Found a shimmering altar of Xom.
  1529 | D:2      | Identified the +1 robe "Waicuqe" {rN++ Str+3 Int+3}
  1575 | D:2      | Learned a level 3 spell: Conjure Flame
  1718 | D:3      | Reached XP level 4. HP: 28/32 MP: 2/8
  2330 | D:4      | Found a shimmering blue altar of Sif Muna.
  2524 | D:4      | Reached skill level 2 in Fighting
  2524 | D:4      | Reached XP level 5. HP: 18/38 MP: 0/9
  3034 | D:4      | Learned a level 3 spell: Mephitic Cloud
  3304 | D:4      | Noticed a lemure
  3304 | D:4      | Noticed a lemure
  3351 | D:4      | Noticed Pikel
  3414 | D:4      | Killed a lemure
  3612 | D:4      | Noticed a bullfrog
  3639 | D:4      | Noticed a lemure
  3639 | D:4      | Noticed a lemure
  3673 | D:3      | Killed a lemure
  3981 | D:4      | Killed a bullfrog
  3982 | D:4      | Reached XP level 6. HP: 39/46 MP: 5/11
  4075 | D:4      | Reached skill level 1 in Poison Magic
  4126 | D:5      | Entered Level 5 of the Dungeon
  4131 | D:5      | Reached skill level 1 in Fire Magic
  4183 | D:5      | Reached skill level 3 in Fighting
  4183 | D:5      | Reached skill level 1 in Air Magic
  4183 | D:5      | Reached XP level 7. HP: 26/52 MP: 2/12
  4447 | D:5      | Found a staircase to the Ecumenical Temple.
  4456 | Temple   | Entered the Ecumenical Temple
  4544 | Temple   | Became a worshipper of Kikubaaqudgha
  4689 | D:4      | Killed Pikel
  4690 | D:4      | Reached skill level 5 in Conjurations
  4690 | D:4      | Reached XP level 8. HP: 58/58 MP: 4/15
  4794 | D:2      | Killed Jessica
  4843 | D:2      | Killed Terence
  5566 | D:5      | Reached skill level 5 in Spellcasting
  5796 | D:6      | Reached XP level 9. HP: 36/63 MP: 5/16
  5846 | D:6      | Noticed Edmund
  5900 | D:6      | Killed Edmund
  5901 | D:6      | Reached skill level 5 in Poison Magic
  6131 | D:6      | Reached * piety under Kikubaaqudgha
  6131 | D:6      | Received a gift from Kikubaaqudgha
  6136 | D:6      | Learned a level 2 spell: Sublimation of Blood
  6466 | D:6      | Noticed a troll
  6519 | D:6      | Killed a troll
  6520 | D:6      | Reached skill level 5 in Fire Magic
  6848 | D:6      | Found an ornate altar of the Wu Jian Council.
  7209 | D:7      | Found an opulent altar of Gozag.
  7212 | D:7      | Found a hide-covered altar of Uskayaw.
  7216 | D:7      | Found a snail-covered altar of Cheibriados.
  7295 | D:7      | Reached XP level 10. HP: 70/70 MP: 11/19
  7519 | D:7      | Noticed Harold
  7581 | D:7      | Killed Harold
  7582 | D:7      | Reached skill level 5 in Air Magic
  7591 | D:7      | Learned a level 3 spell: Ignite Poison
  7675 | D:7      | Found a transporter.
  7750 | D:7      | Noticed Joseph
  7915 | D:7      | Found a flagged portal.
  7921 | Bailey   | Entered a bailey
  8117 | Bailey   | Reached ** piety under Kikubaaqudgha
  8351 | Bailey   | Reached skill level 4 in Fighting
  8437 | Bailey   | Noticed Prince Ribbit
  8437 | Bailey   | Noticed a vault guard
  8462 | Bailey   | Killed Prince Ribbit
  8479 | Bailey   | Killed a vault guard
  8481 | Bailey   | Noticed a vault guard
  8492 | Bailey   | Killed a vault guard
  8493 | Bailey   | Reached skill level 5 in Fighting
  8493 | Bailey   | Reached skill level 1 in Transmutations
  8493 | Bailey   | Reached XP level 11. HP: 79/79 MP: 10/21
  8606 | D:7      | Killed Joseph
  9502 | D:8      | Reached skill level 5 in Transmutations
  9727 | D:8      | Found a basalt altar of Yredelemnul.
  9916 | D:8      | Noticed Grum
  9985 | D:8      | Killed Grum
 10421 | D:9      | Reached *** piety under Kikubaaqudgha
 10421 | D:9      | Received a gift from Kikubaaqudgha
 10434 | D:9      | Noticed Erolcha
 10546 | D:8      | Reached skill level 1 in Earth Magic
 10651 | D:9      | Reached skill level 1 in Necromancy
 11000 | D:9      | Noticed Erica
 11028 | D:9      | Killed Erica
 11134 | D:9      | Found a white marble altar of Elyvilon.
 11416 | D:9      | Killed Erolcha
 11475 | D:9      | Reached XP level 12. HP: 73/86 MP: 10/22
 11513 | D:9      | Reached skill level 5 in Earth Magic
 11560 | D:9      | Found a staircase to the Lair.
 11899 | D:7      | Found a transporter.
 11959 | D:7      | Found a radiant altar of Vehumet.
 12229 | D:4      | Got Sif Muna's Guide on Unholy Arts
 12234 | D:5      | You fall into a shaft and drop 2 floors!
 12285 | D:10     | Entered Level 10 of the Dungeon
 12309 | D:10     | Reached skill level 5 in Necromancy
 12413 | D:10     | Found a viscous altar of Jiyva.
 12413 | D:10     | Found a transporter.
 12413 | D:10     | Found the brooch of Shielding {Spirit SH+8}
 12542 | D:10     | Learned a level 5 spell: Borgnjor's Vile Clutch
 12723 | D:10     | Got the Almanac of Dhcmrlchtdj
 12736 | D:10     | Reached **** piety under Kikubaaqudgha
 12795 | D:10     | Got Ts'ui Pên's Papyrus of Forking Paths
 12829 | D:10     | Got the Incunabulum of Combed Thunderclap
 13059 | D:10     | Found a transporter.
 13065 | D:10     | Noticed a great orb of eyes
 13635 | D:11     | Learned a level 3 spell: Ozocubu's Armour
 13805 | D:11     | Noticed a two-headed ogre
 13821 | D:11     | Killed a two-headed ogre
 13897 | D:11     | Found a glowing silver altar of Zin.
 13978 | D:11     | Identified the +0 scale mail of Yesterday {Dex+4}
 14112 | D:11     | Noticed a sixfirhy
 14126 | D:11     | Reached XP level 13. HP: 77/92 MP: 5/23
 14179 | D:11     | Reached ***** piety under Kikubaaqudgha
 14180 | D:11     | Reached skill level 6 in Fighting
 14375 | D:11     | Found a portal to a secret trove of treasure.
 14543 | D:12     | Reached skill level 7 in Fighting
 14546 | D:12     | Reached skill level 8 in Fighting
 14589 | D:12     | Reached skill level 9 in Fighting
 14700 | D:12     | Reached skill level 10 in Fighting
 14762 | D:12     | Found a staircase to the Orcish Mines.
 14786 | D:12     | Noticed Snorg
 14793 | D:12     | Killed Snorg
 14794 | D:12     | Reached skill level 11 in Fighting
 14840 | D:12     | Noticed Frances
 14908 | D:12     | Reached skill level 1 in Shields
 15125 | D:12     | Found a runed translucent gate.
 15125 | D:12     | Found a runed translucent gate.
 15125 | D:12     | Found a runed translucent gate.
 15126 | D:12     | Noticed Plasmagod's ghost (journeyman GrMo)
 15136 | D:12     | Learned a level 3 spell: Vampiric Draining
 15342 | Orc:1    | Entered Level 1 of the Orcish Mines
 15640 | Orc:2    | Entered Level 2 of the Orcish Mines
 15699 | Orc:2    | Noticed Rupert
 15757 | Orc:1    | HP: 4/107 [Rupert/+2 great mace of holy wrath (31)]
 15882 | Orc:1    | Killed Rupert
 15883 | Orc:1    | Reached skill level 5 in Shields
 16040 | Orc:2    | Noticed an orc warlord
 16097 | Orc:1    | Killed an orc warlord
 17008 | Orc:2    | Reached skill level 12 in Fighting
 17018 | Orc:2    | Found a staircase to the Elven Halls.
 17110 | Orc:2    | Reached XP level 14. HP: 38/116 MP: 2/24
 17157 | Orc:2    | Found Terphiogy's Armour Shoppe.
 17263 | Orc:2    | Found Esooh's Antique Weapon Emporium.
 17267 | Orc:2    | Found Notoux's Antique Armour Shoppe.
 17310 | Orc:2    | Found Jewoaha's Antique Weapon Shop.
 17472 | Orc:2    | Gained mutation: You are clumsy. (Dex -2) [potion of
                  | mutation]
 17472 | Orc:2    | Gained mutation: Your mind is acute. (Int +2) [potion of
                  | mutation]
 17473 | Orc:2    | Lost mutation: Your mind is acute. (Int +2) [potion of
                  | mutation]
 17473 | Orc:2    | Lost mutation: You are clumsy. (Dex -2) [potion of
                  | mutation]
 17473 | Orc:2    | Gained mutation: You passively map a small area around you.
                  | [potion of mutation]
 17473 | Orc:2    | Gained mutation: You have hidden genetic potential. [potion
                  | of mutation]
 17473 | Orc:2    | Gained mutation: Your mind is acute. (Int +2) [potion of
                  | mutation]
 17540 | Orc:1    | Reached ****** piety under Kikubaaqudgha
 17550 | Orc:2    | Received a gift from Kikubaaqudgha
 17552 | Orc:2    | Fell from the grace of Kikubaaqudgha
 17707 | D:7      | Became a worshipper of Gozag Ym Sagoz the Greedy
 18095 | Orc:2    | Bought a spiked cloak for 256 gold pieces
 18095 | Orc:2    | Identified the +0 cloak of Naguw {Fly rElec rN+++ Dex-2}
                  | (You bought it in a shop on level 2 of the Orcish Mines)
 18287 | D:10     | Reached skill level 13 in Fighting
 18721 | D:13     | Reached skill level 14 in Fighting
 18754 | D:13     | Found Wiamej's Jewellery Shop.
 18779 | D:13     | Found Aryoch's Weapon Emporium.
 18834 | D:13     | Reached skill level 15 in Fighting
 19069 | D:13     | Found Byahuzud's Armour Shop.
 19117 | D:13     | Found Plog's Antique Weapon Boutique.
 19205 | D:13     | Found a gate to the Vaults.
 19213 | D:13     | Reached skill level 16 in Fighting
 19519 | D:13     | Found Qaufyuph's Weapon Shop.
 19991 | D:14     | Found a transporter.
 19994 | D:14     | Noticed Quniocho's ghost (journeyman FoFi)
 20007 | D:14     | Noticed Josephine
 20038 | D:14     | Found a transporter.
 20104 | D:14     | Killed Josephine
 20181 | D:14     | Identified the +3 shortbow of Blood {freeze, Int+4}
 20189 | D:14     | Found Ujir's General Store.
 20227 | D:14     | Found a gate leading to a gauntlet.
 20244 | Gauntlet | Entered a Gauntlet
 20244 | Gauntlet | Found a transporter.
 20253 | Gauntlet | Found a transporter.
 20268 | Gauntlet | Found a transporter.
 20273 | Gauntlet | Found a transporter.
 20288 | Gauntlet | Found a transporter.
 20310 | Gauntlet | Found a transporter.
 20319 | Gauntlet | Found a transporter.
 20325 | Gauntlet | Found a transporter.
 20339 | Gauntlet | Noticed a reaper
 20340 | Gauntlet | Found a transporter.
 20352 | Gauntlet | Found a transporter.
 20364 | Gauntlet | Found a transporter.
 20370 | Gauntlet | Found a transporter.
 20370 | Gauntlet | Found a transporter.
 20409 | Gauntlet | Found a transporter.
 20434 | Gauntlet | Found a transporter.
 20436 | Gauntlet | Found a transporter.
 20456 | Gauntlet | Found a transporter.
 20546 | Gauntlet | Found a transporter.
 21034 | Gauntlet | Slain by a reaper

Illustrated notes

Levels and vault maps discovered:
D:1:      matt_arrival_refuge, layout_basic, serial_forest,
          infiniplex_forest_clump_double, infiniplex_forest_clump_cross,
          infiniplex_forest_end_3, infiniplex_forest_clump_medium,
          infiniplex_forest_end_2, infiniplex_forest_end_2,
          infiniplex_forest_lined_2, infiniplex_forest_lined_corner,
          infiniplex_forest_clump_large, chequers_ecumenical_altar_simple
D:2:      layout_basic, basic_altar, uniq_jessica, uniq_terence
D:3:      layout_loops_cross
D:4:      layout_basic, led_sif_book, uniq_pikel
D:5:      layout_cave_pods, minmay_temple_entry_grid
D:6:      hangedman_cross_stitches, layout_basic, mainiacjoe_overflow_boulevard,
          uniq_edmund
D:7:      gammafunk_cloud_chamber, layout_gridville, pf_just_have_faith,
          gammafunk_temple_overflow_forgotten, enter_bailey_3, uniq_harold,
          uniq_joseph
D:8:      layout_basic, mainiacjoe_overflow_surrounded_room, uniq_grum
D:9:      layout_long_grid, elyvilon_altar_4, erik_lair_dragon, uniq_erolcha,
          uniq_erica
D:10:     gammafunk_jiyva_shrine, layout_gridville, special_room
          [special_room_orc], corexii_leaking_fountain,
          bh_hangedman_babel_library
D:11:     layout_roguey, trove_entry_hex_spiral, zin_statuary
D:12:     layout_roguey, minmay_orc_entry_temple_small,
          gammafunk_ghost_spectres, uniq_frances, uniq_snorg
D:13:     layout_roguey, david_vaults_5, serial_shops,
          nicolae_inconvenience_store, nicolae_diamond_shop,
          kennysheep_little_box, nicolae_shop_advertising_works
          [nicolae_subvault_shop_adworks], shop, minmay_misc_feat_hallway,
          chequers_jeans
D:14:     layout_irregular_city, serial_shops, nicolae_take_the_stairs,
          hangedman_abyss_or_decor_clamps, nzn_ghost_randoct,
          gauntlet_entry_generic, uniq_josephine
Temple:   nicolae_temple_great_sept
Orc:1:    layout_caves, basic_altar
Orc:2:    grunt_orc_community_town_hall, layout_caves,
          grunt_orc_community_big_house_1, grunt_orc_community_big_house_1,
          grunt_orc_community_house_3, grunt_orc_community_house_3,
          grunt_orc_community_house_2, grunt_orc_community_house_3,
          grunt_orc_community_house_2, uniq_rupert
Gauntlet: gammafunk_gauntlet_one_two_three [nicolae_gauntlet_arena_flowing_pool,
          gammafunk_gauntlet_arena_corners, nicolae_gauntlet_arena_blocks,
          gammafunk_gauntlet_arena_open, gammafunk_gauntlet_arena_spirals,
          gammafunk_gauntlet_arena_hedges, gammafunk_gauntlet_arena_mazey,
          nicolae_gauntlet_arena_grate_2, nicolae_gauntlet_swirl,
          nicolae_gauntlet_exit_dead_adventurers]

Skill      XL: |  1  2  3  4  5  6  7  8  9 10 11 12 13 14 |
---------------+-------------------------------------------+-----
Dodging        | 2 4 |  4.8
Armour         | 1 2 3 6 |  6.8
Fighting       | 1 2 3 5 12 16 | 16.0
Spellcasting   | 3 4 5 6 7 |  7.3
Conjurations   | 4 5 6 |  6.0
Poison Magic   | 1 3 4 6 |  6.0
Fire Magic     | 1 2 3 5 6 |  6.0
Air Magic      | 1 2 3 4 6 |  6.0
Transmutations | 1 6 |  6.0
Earth Magic    | 4 9 |  9.3
Necromancy     | 4 8 9 |  9.2
Shields        | 9 |  9.0
Stealth        | |  2.4

Action                   |  1- 3 |  4- 6 |  7- 9 | 10-12 | 13-15 || total
-------------------------+-------+-------+-------+-------+-------++-------
Melee: Whip              |     2 |       |       |       |       ||     2
       Quarterstaff      |    20 |       |       |       |       ||    20
       Long sword        |       |       |    10 |     9 |     1 ||    20
       Staff             |       |       |     3 |    18 |    11 ||    32
       Punch             |       |       |       |     1 |       ||     1
       Unarmed           |       |       |       |     9 |       ||     9
       Hunting sling     |       |       |       |       |     2 ||     2
 Fire: Hunting sling     |       |    66 |   192 |   364 |   437 ||  1059
 Cast: Magic Dart        |    40 |     5 |       |     7 |       ||    52
       Searing Ray       |     7 |    32 |    18 |    39 |     1 ||    97
       Conjure Flame     |       |     2 |    32 |    34 |    27 ||    95
       Mephitic Cloud    |       |       |    19 |    77 |    14 ||   110
       Sublimation of Bl |       |       |       |    24 |    76 ||   100
       Ignite Poison     |       |       |       |    20 |     1 ||    21
       Borgnjor's Vile C |       |       |       |    23 |   115 ||   138
       Vampiric Draining |       |       |       |       |     2 ||     2
Invok: Receive Forbidden |       |       |       |       |     1 ||     1
       Renounce Religion |       |       |       |       |     1 ||     1
 Abil: Dig               |       |       |       |     4 |       ||     4
       Shaft Self        |       |       |       |     1 |       ||     1
Evoke: Wand              |       |       |       |     1 |       ||     1
  Use: Scroll            |       |       |     4 |     5 |    12 ||    21
       Potion            |       |       |       |       |     4 ||     4
 Stab: Sleeping          |     2 |       |       |       |       ||     2
       Confused          |       |       |     1 |     4 |       ||     5
Armor: Robe              |     7 |    11 |     5 |    11 |       ||    34
       Troll leather arm |       |       |       |    37 |   100 ||   137
       Skin              |       |       |       |     2 |       ||     2
Dodge: Dodged            |    17 |    36 |    21 |   174 |   182 ||   430
Block: Kite shield       |       |       |       |       |   153 ||   153
